 Dungeon Crawl Stone Soup version 0.29.1-1-gd02db69 (webtiles) character file.

Game seed: 14416430698480568150

329 Timinator the Blocker (level 6, -2/47 HPs)
             Began as a Gnoll Wanderer on Jan 13, 2023.
             Slain by a white imp (3 damage)
             ... on level 5 of the Dungeon.
             The game lasted 00:07:14 (3102 turns).

Timinator the Blocker (Gnoll Wanderer)              Turns: 3102, Time: 00:07:15

Health: -2/47      AC: 11    Str:  9 (11) XL:     6   Next: 51%
Magic:  14/14      EV: 10    Int:  7 (10) God:
Gold:   125        SH:  6    Dex: 12 (15) Spells: 14/15 levels left

rFire   . . .      SeeInvis .   u - +0 dagger (flame)
rCold   + . .      Faith    .   e - +0 buckler {AC+3}
rNeg    . . .      Spirit   .   v - +0 ring mail
rPois   .          Reflect  .   (no helmet)
rElec   .          Harm     .   t - +0 cloak
rCorr   .          Rampage  .   (no gloves)
Will    .....                   b - +0 pair of boots
Stlth   +.........              (no amulet)
HPRegen 0.15/turn               k - ring of protection from cold
MPRegen 0.14/turn               q - ring of wizardry

@: mighty
A: fangs 1, strong nose, distributed training
a: no special abilities


You were on level 5 of the Dungeon.
You visited 1 branch of the dungeon, and saw 4 of its levels.

You collected 125 gold pieces.

Inventory:

Hand Weapons
 u - a +0 dagger of flaming (weapon)
Missiles
 g - 5 poisoned darts (quivered)
Armour
 b - a +0 pair of boots (worn)
 d - a +0 robe
 e - a +0 buckler of protection (worn)
 t - a +0 cloak (worn)
 v - a +0 ring mail (worn)
Jewellery
 k - a ring of protection from cold (left hand)
 n - a ring of magical power
 q - a ring of wizardry (right hand)
Scrolls
 a - a scroll of vulnerability {unknown}
 i - a scroll of summoning {unknown}
 j - a scroll of blinking {unknown}
 l - a scroll of amnesia {unknown}
 m - a scroll of enchant weapon {unknown}
 p - a scroll of immolation {unknown}
 s - a scroll of magic mapping {unknown}
Potions
 c - 2 potions of attraction


   Skills:
 + Level 3.3 Fighting
 + Level 2.1 Short Blades
 + Level 2.1 Long Blades
 + Level 2.1 Axes
 + Level 2.1 Maces & Flails
 + Level 2.1 Polearms
 + Level 2.1 Staves
 + Level 2.1 Ranged Weapons
 + Level 2.1 Throwing
 + Level 3.3 Armour
 + Level 3.3 Dodging
 + Level 2.1 Stealth
 + Level 8.8 Shields
 + Level 2.1 Unarmed Combat
 + Level 5.4 Spellcasting
 + Level 1.6 Conjurations
 + Level 1.6 Hexes
 + Level 1.6 Summonings
 + Level 1.6 Necromancy
 + Level 1.6 Translocations
 + Level 1.6 Transmutations
 + Level 1.6 Fire Magic
 + Level 1.6 Ice Magic
 + Level 1.6 Air Magic
 + Level 1.6 Earth Magic
 + Level 1.6 Poison Magic
 + Level 3.5 Invocations
 + Level 2.1 Evocations


You had 14 spell levels left.
You knew the following spells:

 Your Spells              Type           Power      Damage    Failure   Level
a - Apportation           Tloc           8%         N/A       17%         1

Your spell library contained the following spells:

 Spells                   Type           Power      Damage    Failure   Level
 Gell's Gravitas          Tloc           4%         N/A       45%         3
 Corpse Rot               Necr/Pois/Air  4%         N/A       83%         4
 Dispel Undead            Necr           4%         3d7       83%         4
 Hailstorm                Conj/Ice       4%         3d4       83%         4
 Ice Form                 Ice/Tmut       4%         N/A       83%         4
 Death Channel            Necr           2%         N/A       100%        6
 Simulacrum               Ice/Necr       2%         N/A       100%        6


Dungeon Overview and Level Annotations

Branches:
Dungeon (3/15)             Temple (0/1) D:5

Altars:
Dithmenos
Fedhas


Innate Abilities, Weirdness & Mutations

You have very sharp teeth.
Your uncanny sense of smell can sniff out nearby items.
Your experience applies equally to all skills.


Message History

The white imp gestures at you. The puff of frost misses you.
The puff of frost misses the orc.
You close the door.
The orc priest calls down the wrath of Beogh upon you.
Beogh smites you!
You barely miss the orc.
A white imp opens the door.
The orc barely misses you.
The orc priest mumbles some strange prayers to Beogh against you.
Beogh smites you! The white imp gestures at you. The puff of frost hits you.
You resist.
There is an open door here.
You feel very mighty all of a sudden. You block the orc's attack.
The white imp hits you but does no damage.
The orc hits you but does no damage.
You closely miss the white imp.
The orc hits you from afar with a +0 trident.
The white imp closely misses you. You block the orc's attack.
The orc priest invokes the aid of Beogh against you.
Pain shoots through your body!
* * * LOW HITPOINT WARNING * * *
You block the orc's attack. The white imp gestures at you.
You block the puff of frost. The orc hits you with a +0 short sword.
* * * LOW HITPOINT WARNING * * *
You barely miss the orc. The orc hits you but does no damage.
The orc barely misses you. You block the orc's attack.
You closely miss the white imp. You bite the white imp.
The white imp is lightly wounded.
The orc barely misses you. The orc misses you. x2
The orc priest completely misses you. The white imp closely misses you.
Okay, then.
It was a potion of degeneration.
There was something very wrong with that liquid.
You feel weakened.
You feel dopey.
You feel clumsy. The orc hits you but does no damage.
You block the orc's attack. The orc barely misses you.
The orc priest hits you but does no damage.
The white imp hits you.
You die...

+........#.....
..#######..#....>
.........#..#..... ∆
........#..#.....
........#..#.....
#########......#..#.....
......o.#......#..#.....
......oo5......#..#.....
.####.o@#...$.)#..#.....
#####....>....#.....
PP....$..#..######
.....PP......#..... # ∆
.#.PPcPP.#...#.......#
#. P.PPP.....#....... PP
P......#.....5.
........#..##...
##......#..# ...


You could see an orc priest, a white imp and 3 orcs.

Vanquished Creatures
  Grinder (D:3)
  An orc priest (D:3)
  3 gnolls (D:3)
  2 adders
  3 worms
  A dart slug (D:3)
  3 orcs
  4 ball pythons
  4 bats
  5 endoplasms
  A giant cockroach (D:1)
  3 goblins
  4 hobgoblins
  3 quokkas
  A frilled lizard (D:2)
  10 kobolds
  4 rats
53 creatures vanquished.

Vanquished Creatures (others)
  5 fungi (D:2)
  2 plants (D:2)
7 creatures vanquished.

Grand Total: 60 creatures vanquished

Notes
Turn   | Place    | Note
-------+----------+-------------------------------------------
     0 | D:1      | Timinator the Gnoll Wanderer began the quest for the Orb.
     0 | D:1      | Timinator set off with the following items: a +0 dagger, a
                  | +0 pair of boots, a potion of attraction, a +0 robe, a +0
                  | buckler of protection; and the following spell memorised:
                  | Apportation; and the following spells available to
                  | memorise: Gell's Gravitas.
     0 | D:1      | Reached XP level 1. HP: 17/17 MP: 6/6
   264 | D:1      | Reached XP level 2. HP: 23/23 MP: 7/7
  1019 | D:2      | Reached skill level 5 in Spellcasting
  1019 | D:2      | Reached XP level 3. HP: 16/28 MP: 7/9
  1757 | D:2      | Reached skill level 1 in Short Blades
  1757 | D:2      | Reached skill level 1 in Long Blades
  1757 | D:2      | Reached skill level 1 in Axes
  1757 | D:2      | Reached skill level 1 in Maces & Flails
  1757 | D:2      | Reached skill level 1 in Polearms
  1757 | D:2      | Reached skill level 1 in Staves
  1757 | D:2      | Reached skill level 1 in Ranged Weapons
  1757 | D:2      | Reached skill level 1 in Throwing
  1757 | D:2      | Reached skill level 1 in Stealth
  1757 | D:2      | Reached skill level 1 in Unarmed Combat
  1757 | D:2      | Reached skill level 1 in Evocations
  1764 | D:2      | Found a faded altar of an unknown god.
  1875 | D:3      | Reached XP level 4. HP: 26/34 MP: 11/11
  2271 | D:3      | Noticed Grinder
  2304 | D:3      | Reached skill level 1 in Conjurations
  2304 | D:3      | Reached skill level 1 in Hexes
  2304 | D:3      | Reached skill level 1 in Summonings
  2304 | D:3      | Reached skill level 1 in Necromancy
  2304 | D:3      | Reached skill level 1 in Translocations
  2304 | D:3      | Reached skill level 1 in Transmutations
  2304 | D:3      | Reached skill level 1 in Fire Magic
  2304 | D:3      | Reached skill level 1 in Ice Magic
  2304 | D:3      | Reached skill level 1 in Air Magic
  2304 | D:3      | Reached skill level 1 in Earth Magic
  2304 | D:3      | Reached skill level 1 in Poison Magic
  2321 | D:3      | Killed Grinder
  2322 | D:3      | Reached XP level 5. HP: 34/41 MP: 12/12
  2322 | D:3      | Reached XP level 6. HP: 39/47 MP: 14/14
  2960 | D:3      | You fall into a shaft and drop 2 floors!
  2960 | D:5      | Entered Level 5 of the Dungeon
  2993 | D:5      | Found a shadowy altar of Dithmenos.
  3075 | D:5      | Found a staircase to the Ecumenical Temple.
  3077 | D:5      | Found a blossoming altar of Fedhas.
  3099 | D:5      | HP: 1/47 [orc/+0 short sword (2)]
  3102 | D:5      | Slain by a white imp

Illustrated notes

Levels and vault maps discovered:
D:1:      dpeg_arrival_concentric_ovals, layout_rooms
D:2:      layout_basic, shapermc_ecumenical_altar_mp_urbaneastern
D:3:      layout_loops_corners, grunt_temple_overflow_lords_of_destruction,
          kennysheep_another_room, uniq_grinder
D:5:      layout_gridville, fedhas_bush_and_centaur_altar,
          grunt_dithmenos_smoke, minmay_temple_entry_offerings, serial_shops,
          shop_statue

Skill      XL: |  1  2  3  4 |
---------------+-------------+-----
Spellcasting   | 5 |  5.4
Short Blades   | 1 2 |  2.1
Long Blades    | 1 2 |  2.1
Axes           | 1 2 |  2.1
Maces & Flails | 1 2 |  2.1
Polearms       | 1 2 |  2.1
Staves         | 1 2 |  2.1
Ranged Weapons | 1 2 |  2.1
Throwing       | 1 2 |  2.1
Stealth        | 1 2 |  2.1
Unarmed Combat | 1 2 |  2.1
Evocations     | 1 2 |  2.1
Conjurations   | 1 |  1.6
Hexes          | 1 |  1.6
Summonings     | 1 |  1.6
Necromancy     | 1 |  1.6
Translocations | 1 |  1.6
Transmutations | 1 |  1.6
Fire Magic     | 1 |  1.6
Ice Magic      | 1 |  1.6
Air Magic      | 1 |  1.6
Earth Magic    | 1 |  1.6
Poison Magic   | 1 |  1.6
Invocations    | 3 |  3.5
Fighting       | 3 |  3.3
Armour         | 3 |  3.3
Dodging        | 3 |  3.3
Shields        | |  8.8

Action                   |  1- 3 |  4- 6 || total
-------------------------+-------+-------++-------
Melee: Dagger            |   192 |    90 ||   282
       Bite              |    24 |    12 ||    36
  Use: Potion            |       |     4 ||     4
       Scroll            |       |     2 ||     2
 Stab: Sleeping          |     4 |       ||     4
Armor: Robe              |    44 |       ||    44
       Ring mail         |     5 |    31 ||    36
Dodge: Dodged            |    72 |    37 ||   109
Block: Buckler           |    42 |    32 ||    74
